 Dungeon Crawl Stone Soup version 0.24-a0-439-g6dd8730 (webtiles) character file.

Game seed: 12648541026193846161

67 Spazmo the Magician (level 4, -11/24 HPs)
             Began as a Deep Elf Fire Elementalist on June 18, 2019.
             Killed by divine providence
             ... invoked by an orc priest
              (14 damage)
             ... on level 3 of the Dungeon.
             The game lasted 00:05:22 (1521 turns).

Spazmo the Magician (Deep Elf Fire Elementalist)    Turns: 1521, Time: 00:05:22

Health: -11/24     AC:  2    Str:  5    XL:     4   Next: 0%
Magic:  16/20      EV: 13    Int: 21    God:
Gold:   125        SH:  0    Dex: 15    Spells: 4/10 levels left

rFire    . . .     SeeInvis .   k - +1 whip (venom)
rCold    . . .     Gourm    .   (no shield)
rNeg     . . .     Faith    .   a - +0 robe
rPois    .         Spirit   .   (no helmet)
rElec    .         Reflect  .   (no cloak)
rCorr    .         Harm     .   (no gloves)
MR       .....                  (no boots)
Stlth    ++........             (no amulet)
HPRegen  0.08/turn              b - ring of magical power
MPRegen  0.17/turn              d - ring of wizardry

@: no status effects
A: mutation resistance 1
a: no special abilities


You were on level 3 of the Dungeon.
You were hungry.

You visited 1 branch of the dungeon, and saw 3 of its levels.

You collected 125 gold pieces.

Inventory:

Hand Weapons
 k - a +1 whip of venom (weapon)
Missiles
 f - 95 stones (quivered)
Armour
 a - a +0 robe (worn)
Jewellery
 b - a ring of magical power (left hand)
 d - a ring of wizardry (right hand)
Scrolls
 e - a scroll of enchant armour {unknown}
 i - a scroll of blinking {unknown}
 j - a scroll of teleportation {unknown}
 n - a scroll of identify {unknown}
 o - a scroll of remove curse
Potions
 g - 2 potions of curing {unknown}
 h - a potion of flight {unknown}
 l - a potion of might {unknown}
 m - a potion of heal wounds {unknown}
Comestibles
 c - 2 rations


   Skills:
 + Level 3.1 Dodging
 - Level 3.0 Stealth
 + Level 3.8 Spellcasting
 + Level 2.1 Conjurations
 + Level 3.8 Fire Magic


You had 4 spell levels left.
You knew the following spells:

 Your Spells              Type           Power        Failure   Level  Hunger
a - Flame Tongue          Conj/Fire      ###..        1%          1    None
b - Throw Flame           Conj/Fire      ###...       2%          2    #......
c - Conjure Flame         Conj/Fire      ###.....     4%          3    ###....

Your spell library contained the following spells:

 Spells                   Type           Power        Failure   Level  Hunger
 Inner Flame              Hex/Fire       ##......     7%          3    ###....
 Sticky Flame             Conj/Fire      ###.....     14%         4    ####...
 Fireball                 Conj/Fire      ###.......   34%         5    ######.


Dungeon Overview and Level Annotations

Branches:
Dungeon (3/15)

Altars:
Zin


Innate Abilities, Weirdness & Mutations

You are somewhat resistant to further mutation.


Message History

You feel clever.
Casting: Flame Tongue (safe; 1% risk of failure)
Confirm with . or Enter, or press ? or * to list all spells.
Aiming: Flame Tongue (safe; 1% risk of failure)
Press: ? - help, Shift-Dir - straight line, f - orc
Aim: an orc, wielding a +0 club The flame tongue misses the orc.
An orc comes into view. It is wielding a +0 club.
An orc priest comes into view. It is wielding a +0 short sword.
The orc priest shouts!
The orc priest calls down the wrath of Beogh upon you.
Beogh smites you!
* * * LOW HITPOINT WARNING * * *
The orc misses you. The orc barely misses you.
The orc priest begins to cast a cantrip, but forgets the words!
The orc priest invokes the aid of Beogh against you.
Beogh smites you!
Ouch! That really hurt!
You die...

.######......#.#..#
..........o..>.#....#
######...######.o##....#..#.
#........##......##)o.......
#........##.####o##.##+#o.##
#........##.####.#... ##
#..............#o#.o.o
#.........(....#.#)....
#.<............#@#....o.
#..............#..#......
#..............##.#.##....
#...............#.#
#.....######....### #.....#
#....# ####### #...## #...#
#....


You could see 2 orc priests and 2 orcs.

Vanquished Creatures
  A hound skeleton (D:2)
  An ooze (D:1)
  A dart slug (D:1)
  3 leopard geckos
  An orc (D:3)
  3 giant cockroaches
  3 hobgoblins
  2 jackals (D:2)
  10 kobolds
  3 bats
  A frilled lizard (D:2)
  6 goblins
  7 rats
42 creatures vanquished.

Notes
Turn   | Place    | Note
-------+----------+-------------------------------------------
     0 | D:1      | Spazmo the Deep Elf Fire Elementalist began the quest for
                  | the Orb.
     0 | D:1      | Reached XP level 1. HP: 10/10 MP: 6/6
    97 | D:1      | Reached XP level 2. HP: 15/15 MP: 7/8
   119 | D:1      | Learned a level 2 spell: Throw Flame
   632 | D:2      | Reached XP level 3. HP: 19/19 MP: 9/9
   637 | D:2      | Learned a level 3 spell: Conjure Flame
  1234 | D:2      | Gained mutation: You possess an exceptional clarity of
                  | mind. [potion of mutation]
  1234 | D:2      | Gained mutation: You are dopey. (Int -2) [potion of
                  | mutation]
  1234 | D:2      | Gained mutation: You are somewhat resistant to further
                  | mutation. [potion of mutation]
  1235 | D:2      | Lost mutation: You are dopey. (Int -2) [potion of mutation]
  1235 | D:2      | Lost mutation: You possess an exceptional clarity of mind.
                  | [potion of mutation]
  1312 | D:2      | Found a glowing silver altar of Zin.
  1510 | D:3      | Reached XP level 4. HP: 13/24 MP: 11/11
  1521 | D:3      | Killed from afar by an orc priest

Levels and vault maps discovered:
D:1:      minmay_arrival_radiant_lines, layout_loops_ring
D:2:      layout_basic, nicolae_overflow_hidden_temple
D:3:      layout_basic, lemuel_round_altar, chequers_ecumenical_altar_island

Skill      XL: |  1  2  3 |
---------------+----------+-----
Stealth        | 3 |  3.0
Dodging        | 3 |  3.1
Conjurations   | 2 |  2.1
Spellcasting   | |  3.8
Fire Magic     | |  3.8

Action                   |  1- 3 |  4- 6 || total
-------------------------+-------+-------++-------
Throw: Stone             |     1 |       ||     1
 Cast: Flame Tongue      |    67 |     2 ||    69
       Throw Flame       |     3 |       ||     3
  Use: Scroll            |     4 |       ||     4
       Potion            |     2 |       ||     2
  Eat: Chunk             |     1 |       ||     1
Armor: Robe              |     1 |       ||     1
Dodge: Dodged            |    11 |     2 ||    13

Table legend:
 A = Non-vault XP
 B = Vault XP
 C = Vault XP percentage of total XP
 D = Non-vault monster count
 E = Vault monster count
 F = Vault count percentage of total count
                 A         B        C        D         E       F
            +---------+---------+-------+---------+---------+-------
      Total |      97 |       0 |   0.0 |      42 |       0 |   0.0
            +---------+---------+-------+---------+---------+-------
        D:1 |      37 |       0 |   0.0 |      18 |       0 |   0.0
        D:2 |      55 |       0 |   0.0 |      22 |       0 |   0.0
        D:3 |       5 |       0 |   0.0 |       2 |       0 |   0.0
            +---------+---------+-------+---------+---------+-------
